AoeStats
← jdac

Lombardia

509375816Analyzed
3v3 RM · 6d ago on Sep 26, 2026· 15m 51s· 6 players
Game mode
Random Map
Map size
Normal (6 player)
Population
200
Speed
Normal
Resources
Standard
Victory
Conquest
Starting age
Dark Age
Ending age
Imperial Age
RankedLock teamsTeams togetherTeam positionsShared explorationLock speedFull tech treeHidden civsTurbo modeCheats
Victory
Defeat
🇹🇷 Danes · Türkiye
1742
+10
🇹🇷 Teutons · Türkiye
1707
+11
🇹🇷 Magyars · Türkiye
1609
+16
🇪🇸 Khmer · Spain
1619
-13
🇫🇷 Britons · France
1616
-13
🇹🇷 Persians · Türkiye
1573
-11
Minimath
10:30 Feudal Age
9:56 Loom
11:19 Double-Bit Axe
12:23 Fletching
13:32 Horse Collar
jdac
6:46 Loom
9:07 Feudal Age
10:12 Double-Bit Axe
alican43
8:23 Loom
10:10 Feudal Age
10:54 Double-Bit Axe
15:10 Castle Age
13:38 Horse Collar
14:33 Scale Barding Armor
USTA
6:23 Loom
8:57 Feudal Age
12:40 Fletching
13:55 Double-Bit Axe
lalalalala
10:48 Feudal Age
10:11 Loom
15:10 Castle Age
13:13 Double-Bit Axe
13:45 Horse Collar
16:30 Bow Saw
Sekov
6:43 Loom
9:36 Feudal Age
10:06 Double-Bit Axe
12:37 Horse Collar
Connection lost

Rejoining the realm…

Still unreachable

The connection could not be restored.

Session expired

The server has moved on; the page needs a fresh start.